AoeStats
← Liquidator

MegaRandom

505438352Analyzed
1v1 RM · 24d ago on Sep 9, 2026· 37m 17s· 2 players
Game mode
Random Map
Map size
Tiny (2 player)
Population
200
Speed
Normal
Resources
Standard
Victory
Conquest
Starting age
Dark Age
Ending age
Imperial Age
RankedLock teamsTeams togetherTeam positionsShared explorationLock speedFull tech treeHidden civsTurbo modeCheats
Victory
Defeat
🇩🇪 Wei · Germany
1218
+16
🇺🇸 Inca · United States
1213
-16
Balili
0:37 Loom
9:44 Feudal Age
10:46 Double-Bit Axe
16:14 Castle Age
14:41 Fletching
15:31 Horse Collar
24:10 Heavy Plow
26:29 Gold Mining
27:19 Scale Mail Armor
27:19 Bodkin Arrow
32:38 Imperial Age
30:35 Pikeman
32:02 Andean Sling
Liquidator
0:39 Loom
8:13 Feudal Age
7:11 Loom
9:06 Horse Collar
9:13 Double-Bit Axe
10:42 Wheelbarrow
17:18 Castle Age
15:10 Stone Mining
19:17 Fletching
20:04 Husbandry
20:29 Forging
25:25 Bow Saw
26:06 Bodkin Arrow
32:22 Imperial Age
30:06 Elite Skirmisher
31:10 Hand Cart
30:52 Town Watch
34:11 Chemistry
Connection lost

Rejoining the realm…

Still unreachable

The connection could not be restored.

Session expired

The server has moved on; the page needs a fresh start.